 Dungeon Crawl Stone Soup version 0.31-a0-174-g85c54bcb58 (webtiles) character file.

Game seed: 7976873896193067468

105 Moral the Sneak (level 5, -1/32 HPs)
             Began as a Kobold Brigand on June 15, 2023.
             Slain by a kobold
             ... wielding a +0 short sword
              (2 damage)
             ... on level 4 of the Dungeon.
             The game lasted 00:09:32 (1555 turns).

Moral the Sneak (Kobold Brigand)                    Turns: 1555, Time: 00:09:35

Health: -1/32      AC:  5    Str:  9    XL:     5   Next: 8%
Magic:  5/5        EV: 15    Int: 12    God:
Gold:   99         SH:  0    Dex: 18    Spells: 4/4 levels left

rFire   . . .        a - +2 dagger
rCold   . . .        (no shield)
rNeg    . . .        b - +0 robe
rPois   .            (no helmet)
rElec   .            c - +0 cloak
rCorr   .            (no gloves)
SInv    .            (no boots)
Will    ++...        (no amulet)
Stlth   +++++        (no ring)
HPRegen 0.25/turn    (no ring)
MPRegen 0.09/turn

%: no passive effects
@: mighty, enlightened, flying
A: small, no large weapons, nightstalker 3, hooves 1, iridescent scales 1,
strong-willed 1, wild magic 1
a: no special abilities


You were on level 4 of the Dungeon.
You visited 1 branch of the dungeon, and saw 4 of its levels.

You collected 99 gold pieces.

Inventory:

Hand Weapons
 a - a +2 dagger (weapon)
Armour
 b - a +0 robe (worn)
 c - a +0 cloak (worn)
Potions
 h - 2 potions of mutation
 j - a potion of curing {unknown}


   Skills:
 + Level 3.0 Fighting
 + Level 3.7 Short Blades
 - Level 2.1 Throwing
 + Level 2.5 Dodging
 * Level 6.7 Stealth


You had 4 spell levels left.
You didn't know any spells.
Your spell library contained the following spells:

 Spells                   Type           Power      Damage    Failure   Level
 Ensorcelled Hibernation  Hex/Ice        0%         N/A       54%         2
 Passwall                 Tmut/Erth      0%         N/A       54%         2
 Swiftness                Air            0%         N/A       77%         3


Dungeon Overview and Level Annotations

Branches:
Dungeon (4/15)
 Temple: D:4-7

Altars:

Shops:
D:3 =


Innate Abilities, Weirdness & Mutations

You are small and have problems with some larger weapons.
You are completely attuned to the shadows.
You have large cloven feet.
You are partially covered in iridescent scales. (AC +2)
You are strong-willed. (Will+)
Your spells are a little harder to cast, but a little more powerful.


Message History

A kobold comes into view. It is wielding a +0 short sword.
The orc priest barely misses you.
Things that are here:
a +0 hand axe; a +0 leather armour; an orc corpse You hit the orc priest but do no damage.
The orc priest mumbles some strange prayers to Beogh against you.
Beogh smites you! The orc closely misses you.
The goblin hits you but does no damage.
As you read the scroll labelled KUGHINL MUHUNN, it crumbles to dust.
The creatures around you are filled with an inner flame!
It was a scroll of immolation.
The orc priest hits you but does no damage.
The orc hits you with a +0 short sword. The kobold hits you but does no damage.
The goblin hits you with a +0 club.
It was a potion of might.
You feel very mighty all of a sudden.
An orc comes into view. It is wielding a +0 club.
The orc priest invokes the aid of Beogh against you.
Pain shoots through your body!
* * * LOW HITPOINT WARNING * * *
The orc hits you but does no damage. The goblin hits you but does no damage.
The kobold hits you with a +0 short sword.
* * * LOW HITPOINT WARNING * * *
Unknown command.
It was a potion of mutation.
You feel extremely strange.
You feel strong-willed.
Your feet thicken and deform.
Iridescent scales grow over part of your body.
You feel less in control of your magic. The orc priest closely misses you.
The orc hits you with a +0 short sword.
* * * LOW HITPOINT WARNING * * *
The kobold barely misses you. The goblin misses you.
The goblin attacks as you move away! The goblin hits you with a +0 club.
* * * LOW HITPOINT WARNING * * *
It was a potion of enlightenment.
You feel very buoyant.
You fly up into the air.
The orc priest hits you with a +0 flail.
* * * LOW HITPOINT WARNING * * *
The kobold hits you with a +0 short sword.
You die...

.......#
.......#
.......#
.......#
....)gK#
...oo@.#
....o..#
.......#
.......#######
#######.......
#.......
#.......
#.......
#.......


You could see an orc priest (inner flame), 2 orcs, a goblin (inner flame) and a
kobold (inner flame).

Vanquished Creatures
  An iguana (D:3)
  2 adders (D:3)
  A worm (D:3)
  A dart slug (D:1)
  5 orcs
  5 bats
  5 endoplasms
  3 giant cockroaches (D:3)
  2 goblins
  4 hobgoblins (D:1)
  4 quokkas
  4 ball pythons (D:1)
  4 frilled lizards (D:1)
  3 kobolds
  5 rats
49 creatures vanquished.

Notes
Turn   | Place    | Note
-------+----------+-------------------------------------------
     0 | D:1      | Moral the Kobold Brigand began the quest for the Orb.
     0 | D:1      | Reached XP level 1. HP: 12/12 MP: 1/1
    90 | D:1      | Reached XP level 2. HP: 18/18 MP: 2/2
   520 | D:1      | Reached XP level 3. HP: 22/22 MP: 3/3
   722 | D:1      | Reached skill level 6 in Stealth
  1063 | D:3      | Reached XP level 4. HP: 27/27 MP: 4/4
  1314 | D:3      | Found Yfario's Jewellery Shop.
  1365 | D:3      | Reached XP level 5. HP: 31/32 MP: 5/5
  1553 | D:4      | Gained mutation: You are strong-willed. (Will+) [potion of
                  | mutation]
  1553 | D:4      | Gained mutation: You have large cloven feet. [potion of
                  | mutation]
  1553 | D:4      | Gained mutation: You are partially covered in iridescent
                  | scales. (AC +2) [potion of mutation]
  1553 | D:4      | Gained mutation: Your spells are a little harder to cast,
                  | but a little more powerful. [potion of mutation]
  1555 | D:4      | HP: 1/32 [orc priest/+0 flail (2)]
  1555 | D:4      | Slain by a kobold

Illustrated notes

Levels and vault maps discovered:
D:1:      dpeg_arrival_orchard, layout_basic
D:2:      layout_basic, grunt_ministairs_10
D:3:      layout_rooms, serial_shops, shop
D:4:      layout_gridville

Skill      XL: |  1  2  3  4 |
---------------+-------------+-----
Short Blades   | 3 |  3.7
Dodging        | 2 |  2.5
Stealth        | 6 |  6.7
Fighting       | 3 |  3.0
Throwing       | |  2.1

Action                     |  1- 3 |  4- 6 || total
---------------------------+-------+-------++-------
  Melee: Dagger            |    60 |    37 ||    97
         Punch             |       |     2 ||     2
    Use: Scroll            |       |     3 ||     3
         Potion            |       |     3 ||     3
   Stab: Sleeping          |    25 |     8 ||    33
 Armour: Robe              |     6 |    10 ||    16
  Dodge: Dodged            |    14 |    24 ||    38

Table legend: (Time is in decaauts)
 A = Elapsed time spent in this place.
 B = Non-inter-level travel time spent in this place.
 C = Inter-level travel time spent in this place.
 D = Time resting spent in this place.
 E = Time spent auto-exploring this place.
 F = Levels seen in this place.
 G = Mean time per level.
                   A        B        C        D        E       F      G
               +--------+--------+--------+--------+--------+-----+--------+
         Total |   1538 |   1470 |     68 |    129 |    978 |   4 |  384.5 |
       Dungeon |   1538 |   1470 |     68 |    129 |    978 |   4 |  384.5 |
               +--------+--------+--------+--------+--------+-----+--------+

Top non-repeatable levels by time:
     D:1: 894 daAuts
     D:3: 478 daAuts
     D:2: 128 daAuts
     D:4: 37 daAuts
